 Dungeon Crawl Stone Soup version 0.30-a0-840-ga523dec638 (webtiles) character file.

Game seed: 567069624682305232

12703 gelatine the Arsonist (level 11, -17/57 (80) HPs)
             Began as a Demonspawn Fire Elementalist on Mar 1, 2023.
             Was an Elder of Vehumet.
             Killed from afar by an orc sorcerer (38 damage)
             ... with a bolt of negative energy
             ... led by an orc knight
             ... on level 1 of the Orcish Mines.
             The game lasted 00:38:42 (13431 turns).

gelatine the Arsonist (DsFE)                       Turns: 13431, Time: 00:38:42

HP:   -17/57 (80)   AC:  8    Str:  8    XL:     11   Next: 65%
MP:   21/32         EV: 20    Int: 20    God:    Vehumet [****..]
Gold: 1278          SH:  0    Dex: 17    Spells: 6/26 levels left

rFire   . . .      SeeInvis .    I - +0 double sword
rCold   . . .      Faith    .    (no shield)
rNeg    . . .      Spirit   .    x - +1 robe {Will+}
rPois   .          Reflect  .    O - +1 hat
rElec   .          Harm     .    u - +1 cloak
rCorr   .          Rampage  .    P - +1 pair of gloves
Will    +....                    (boots unavailable)
Stlth   ++                       (no amulet)
HPRegen 0.29/turn                q - +5 ring of evasion
MPRegen 0.23/turn                c - ring of magical power

@: spiked, very heavily drained
A: antennae 1, hooves 3, powered by death 2, spiny 1, agile 1
a: Renounce Religion


You were on level 1 of the Orcish Mines.
You worshipped Vehumet.
Vehumet was greatly pleased with you.
You visited 3 branches of the dungeon, and saw 12 of its levels.
You also visited: Sewer and Bailey.

You collected 1278 gold pieces.

Inventory:

Hand Weapons
 e - a +2 dagger of venom
 h - a +2 quarterstaff of chaos
 v - a +1 short sword of venom
 C - the +4 quarterstaff of Untruth {venom, *Noise rN++ rCorr Dex-3}
   (You found it on level 5 of the Dungeon)

   Dex:       It affects your dexterity (-3).
   rN:        It greatly protects you from negative energy.
   *Noise:    It may make noises in combat.
   rCorr:     It protects you from acid and corrosion.
 I - a +0 double sword (weapon)
 N - a +7 war axe
 S - a +4 falchion
Missiles
 s - a throwing net
Armour
 u - a +1 cloak (worn)
 x - a +1 robe of willpower (worn)
 E - the +1 ring mail of Boredom {Harm rF+ rC++ Str-4}
   (You found it on level 5 of the Dungeon)

   Str:       It affects your strength (-4).
   rF:        It protects you from fire.
   rC:        It greatly protects you from cold.
   Harm:      It increases damage dealt and taken.
 O - a +1 hat (worn)
 P - a +1 pair of gloves (worn)
Magical Staves
 t - a staff of death
Jewellery
 c - a ring of magical power (right hand)
 m - a ring of protection from cold
 o - a ring of protection from fire
 q - a +5 ring of evasion (left hand)
Wands
 d - a wand of flame (13)
 y - a wand of mindburst (10)
 F - a wand of polymorph (8)
 G - a wand of iceblast (3)
 L - a wand of charming (17)
Scrolls
 a - 2 scrolls of vulnerability
 j - 3 scrolls of teleportation
 r - 3 scrolls of fog
 w - a scroll of fear
 B - a scroll of enchant armour {unknown}
 D - 2 scrolls of amnesia {unknown}
 J - a scroll of immolation {unknown}
 K - a scroll of blinking {unknown}
Potions
 b - a potion of magic
 f - a potion of curing
 g - a potion of brilliance {unknown}
 i - 3 potions of lignification
 k - a potion of ambrosia
 l - a potion of haste
 n - a potion of attraction
 p - 3 potions of might
 z - 4 potions of flight
 A - 2 potions of heal wounds


   Skills:
 * Level 5.4 Fighting
 + Level 0.2(0.5) Short Blades
 + Level 0.8(0.9) Long Blades
 + Level 2.9 Staves
 + Level 2.8 Armour
 * Level 5.6 Dodging
 + Level 3.1 Stealth
 + Level 8.2 Spellcasting
 + Level 7.4 Conjurations
 + Level 1.0 Necromancy
 * Level 9.3 Fire Magic
 + Level 0.1 Ice Magic
 + Level 4.3 Poison Magic
 + Level 3.2 Evocations


You had 6 spell levels left.
You knew the following spells:

 Your Spells              Type           Power      Damage    Failure   Level
a - Foxfire               Conj/Fire      100%       2x1d9     1%          1
b - Scorch                Fire           90%        2d10      1%          2
c - Flame Wave            Conj/Fire      41%        2d11      1%          4
d - Cigotuvi's Dreadful   Necr/Pois/Air  30%        N/A       6%          2
e - Frozen Ramparts       Ice            16%        1d3       7%          3
f - Ignition              Fire           22%        3d8       94%         8

Your spell library contained the following spells:

 Spells                   Type           Power      Damage    Failure   Level
 Kiss of Death            Conj/Necr      100%       2d13      1%          1
 Magic Dart               Conj           100%       1d8       1%          1
 Ignite Poison            Fire/Tmut/Pois 26%        N/A       1%          3
 Inner Flame              Hex/Fire       27%        N/A       1%          3
 Kindle Blastsparks       Fire/Tloc/Air  40%        2d13      1%          3
 Mephitic Cloud           Conj/Pois/Air  24%        N/A       1%          3
 Sticky Flame             Conj/Fire      41%        2d6       1%          4
 Slow                     Hex            32%        N/A       9%          1
 Sublimation of Blood     Necr           12%        N/A       9%          2
 Spider Form              Tmut/Pois      16%        N/A       11%         3
 Ensorcelled Hibernation  Hex/Ice        16%        N/A       12%         2
 Call Imp                 Summ           8%         N/A       13%         2
 Irradiate                Conj/Tmut      11%        3d15      13%         5
 Vampiric Draining        Necr           12%        2d6       17%         3
 Freezing Cloud           Conj/Ice/Air   9%         6-21      21%         5
 Confusing Touch          Hex            8%         N/A       26%         3
 Dispel Undead            Necr           12%        3d9       50%         4
 Anguish                  Hex/Necr       5%         N/A       56%         4
 Petrify                  Tmut/Erth      8%         N/A       63%         4
 Blade Hands              Tmut           4%         N/A       93%         5
 Death Channel            Necr           6%         N/A       100%        6
 Dragon Form              Tmut           4%         N/A       100%        7


Dungeon Overview and Level Annotations

Branches:
Dungeon (9/15)             Temple (1/1) D:5             Orc (2/2) D:9
    Elf (0/3) Orc:2         Sewer (visited)          Bailey (visited)
   Lair: D:8-11

Altars:
Ashenzari
Cheibriados
Dithmenos
Fedhas
Gozag
Hepliaklqana
Kikubaaqudgha
Makhleb
Nemelex Xobeh
Okawaru
Qazlal
Ru
Sif Muna
Trog
Uskayaw
Vehumet
Wu Jian
Xom
Yredelemnul

Shops:
D:5 [


Innate Abilities, Weirdness & Mutations

You have a pair of small antennae on your head.
You have hooves in place of feet.
You regenerate health from kills.
You are partially covered in sharp spines.
You are agile. (Dex +4, Str/Int -1)


Message History

* * * LOW HITPOINT WARNING * * *
You feel much better.
You feel sick.
The orc sorcerer is struck by your spines.
The orc sorcerer misses you.
You feel better.
The orc sorcerer hits you but does no damage.
You hit the orc sorcerer but do no damage.
You kick the orc sorcerer, but do no damage.
The orc sorcerer is moderately wounded.
The orc sorcerer hits you with a +1 dagger of holy wrath.
You convulse.
You hit the orc sorcerer. You kick the orc sorcerer.
The orc sorcerer is heavily wounded.
The orc sorcerer is no longer more vulnerable to fire.
The orc sorcerer barely misses you.
You slash the orc sorcerer!
The orc sorcerer is severely wounded.
The orc sorcerer is struck by your spines.
The orc sorcerer misses you.
The orc sorcerer mumbles some strange words.
Casting: Scorch (safe; 1% risk of failure)
Confirm with . or Enter, or press ? or * to list all spells.
Flames lash the red devil.
The red devil completely resists.
The orc sorcerer is struck by your spines.
The orc sorcerer closely misses you.
Casting: Scorch (safe; 1% risk of failure)
Confirm with . or Enter, or press ? or * to list all spells.
Flames lash the orc sorcerer.
The orc sorcerer is almost dead.
The orc sorcerer's fire resistance burns away.
The orc sorcerer closely misses you.
The red devil hits you from afar with a +0 trident!!
Barbed spikes become lodged in your body.
Casting: Scorch (safe; 1% risk of failure)
Confirm with . or Enter, or press ? or * to list all spells.
Flames lash the red devil.
The red devil completely resists.
The orc sorcerer gestures at you while chanting.
The bolt of negative energy hits you!!!
You feel drained.
Ouch! That really hurt!
You die...

..# ##..........# ..#
#........#.## ..##
##...........## ...#
##.............#
..########.#.#.........##
.......##...###.........#
~~~~~~..#...##..........##
#####~..........)...#....##
....#≈..........@.....#...#
....#~..........[o4.....[.#
....#≈..#...........#.##.##
..).#~.###........####..##
#'###~.##..#......###....#
....#≈...........#..#...##
)...#~.................##
#'###~..........[.......#
....#~..........[......####


You could see an orc sorcerer (combustible) and a red devil (summoned).

Vanquished Creatures
  2 two-headed ogres (D:9)
  An orc knight (Orc:1)
  2 orc sorcerers (Bailey)
  Maurice (Orc:1)
  2 trolls
  15 yaks
  A wraith (D:9)
  2 wyverns
  A steam dragon (D:7)
  5 wargs
  An acid dragon (D:9)
  A water moccasin (D:9)
  A swamp drake (D:9)
  21 orc warriors
  3 ice beasts
  7 ogres
  2 centaurs
  3 phantoms
  A kobold brigand (Sewer)
  3 necrophages
  3 bullfrogs
  3 scorpions
  5 wights (D:9)
  7 killer bees
  3 howler monkeys (D:9)
  4 electric eels
  2 gnoll boudas
  Crazy Yiuf (D:4)
  8 orc priests
  A jelly (D:7)
  Ijyb (D:4)
  4 iguanas
  12 orc wizards
  2 mummies
  12 adders
  21 gnolls
  3 river rats (Sewer)
  2 white imps
  An ufetubus (D:7)
  2 worms (D:2)
  2 dart slugs
  50 orcs
  8 ball pythons
  10 endoplasms
  22 goblins
  15 hobgoblins
  8 jackals
  4 quokkas
  12 bats
  A frilled lizard (D:1)
  12 kobolds
  11 rats
327 creatures vanquished.

Vanquished Creatures (collateral kills)
  4 foxfires (D:1)
4 creatures vanquished.

Vanquished Creatures (others)
  1039 foxfires
  17 plants
1056 creatures vanquished.

Grand Total: 1387 creatures vanquished

Notes
Turn   | Place    | Note
-------+----------+-------------------------------------------
     0 | D:1      | gelatine the Demonspawn Fire Elementalist began the quest
                  | for the Orb.
     0 | D:1      | Reached XP level 1. HP: 13/13 MP: 3/3
   244 | D:1      | Reached skill level 3 in Fire Magic
   245 | D:1      | Gained mutation: You are partially covered in sharp spines.
                  | [demonic ancestry]
   245 | D:1      | Reached XP level 2. HP: 19/19 MP: 0/5
   963 | D:1      | Discovered your monstrous ancestry.
   963 | D:1      | Gained mutation: You have a pair of small antennae on your
                  | head. [demonic ancestry]
   963 | D:1      | Reached XP level 3. HP: 24/24 MP: 3/6
  1312 | D:2      | Found a faded altar of an unknown god.
  1851 | D:2      | Gained mutation: You regenerate a little health from kills.
                  | [demonic ancestry]
  1851 | D:2      | Reached XP level 4. HP: 30/30 MP: 5/8
  2608 | D:3      | Gained mutation: You have large cloven feet. [demonic
                  | ancestry]
  2608 | D:3      | Reached XP level 5. HP: 35/35 MP: 3/10
  2611 | D:3      | Learned a level 2 spell: Scorch
  3202 | D:3      | Reached skill level 4 in Fire Magic
  3666 | D:4      | Gained mutation: You have hoof-like feet. [demonic
                  | ancestry]
  3666 | D:4      | Reached XP level 6. HP: 28/41 MP: 1/11
  4602 | D:4      | Found a runed translucent door.
  4603 | D:4      | Noticed Crazy Yiuf
  4610 | D:4      | Killed Crazy Yiuf
  4811 | D:4      | Noticed Ijyb
  4817 | D:4      | Killed Ijyb
  4818 | D:4      | Reached XP level 7. HP: 46/46 MP: 13/13
  5149 | D:5      | Entered Level 5 of the Dungeon
  5210 | D:5      | Found a glowing drain.
  5216 | D:5      | Noticed a wyvern
  5219 | Sewer    | Entered a sewer
  5359 | Sewer    | Reached skill level 5 in Fire Magic
  5521 | D:5      | Killed a wyvern
  5522 | D:5      | Reached skill level 1 in Evocations
  5617 | D:5      | Reached skill level 1 in Fighting
  5677 | D:5      | Reached skill level 5 in Spellcasting
  5679 | D:5      | Reached XP level 8. HP: 54/54 MP: 15/15
  5818 | D:5      | Identified the +4 quarterstaff of Untruth {venom, *Noise
                  | rN++ rCorr Dex-3}
  5873 | D:5      | Reached skill level 1 in Armour
  5924 | D:5      | Identified the +1 ring mail of Boredom {Harm rF+ rC++
                  | Str-4}
  5953 | D:5      | Reached skill level 1 in Staves
  6047 | D:5      | You fall into a shaft and drop 2 floors!
  6389 | D:7      | Reached skill level 6 in Fire Magic
  6764 | D:7      | Reached XP level 9. HP: 62/62 MP: 16/17
  6772 | D:7      | Reached skill level 5 in Conjurations
  7413 | D:5      | Found Kejaowka's Antique Armour Emporium.
  7535 | D:5      | Learned a level 4 spell: Flame Wave
  7538 | D:5      | Learned a level 2 spell: Cigotuvi's Dreadful Rot
  7605 | D:5      | Found a staircase to the Ecumenical Temple.
  7619 | Temple   | Entered the Ecumenical Temple
  7860 | Temple   | Became a worshipper of Vehumet
  8115 | D:6      | Found a burning altar of Makhleb.
  8145 | D:6      | Noticed a troll
  8155 | D:6      | Killed a troll
  8298 | D:6      | Found an ancient bone altar of Kikubaaqudgha.
  8421 | D:6      | Reached skill level 1 in Poison Magic
  8667 | D:8      | Found a flagged portal.
  8679 | Bailey   | Entered a bailey
  8879 | Bailey   | Reached * piety under Vehumet
  8879 | Bailey   | Offered knowledge of Freeze by Vehumet.
  9151 | Bailey   | Gained mutation: You regenerate health from kills. [demonic
                  | ancestry]
  9151 | Bailey   | Reached XP level 10. HP: 56/60 MP: 17/19
  9152 | Bailey   | Reached skill level 7 in Fire Magic
  9345 | Bailey   | Noticed an orc sorcerer
  9353 | Bailey   | Noticed a soul eater
  9376 | Bailey   | Noticed a rust devil
  9378 | Bailey   | Killed an orc sorcerer
  9532 | Bailey   | Found an iron altar of Okawaru.
  9546 | Bailey   | Identified the -2 helmet of the Turtledove {MP+9 Int-2
                  | Slay+5 Stlth+}
  9768 | Bailey   | Noticed an orc sorcerer
  9774 | Bailey   | Killed an orc sorcerer
 10134 | D:8      | Found a hide-covered altar of Uskayaw.
 10217 | D:8      | Reached skill level 8 in Fire Magic
 10444 | D:8      | Found a bloodstained altar of Trog.
 10677 | D:8      | Offered knowledge of Momentum Strike by Vehumet.
 10970 | D:9      | Noticed a two-headed ogre
 10974 | D:9      | Killed a two-headed ogre
 10992 | D:9      | Reached ** piety under Vehumet
 11110 | D:9      | Gained mutation: You are partially covered in iridescent
                  | scales. (AC +2) [potion of mutation]
 11110 | D:9      | Gained mutation: You are frail. (-10% HP) [potion of
                  | mutation]
 11114 | D:9      | Lost mutation: You are frail. (-10% HP) [potion of
                  | mutation]
 11114 | D:9      | Lost mutation: You are partially covered in iridescent
                  | scales. (AC +2) [potion of mutation]
 11114 | D:9      | Gained mutation: Your spells are a little easier to cast,
                  | but a little less powerful. [potion of mutation]
 11114 | D:9      | Gained mutation: Your muscles are strong. (Str +4, Int/Dex
                  | -1) [potion of mutation]
 11164 | D:9      | Gained mutation: You have hooves in place of feet. [demonic
                  | ancestry]
 11164 | D:9      | Reached XP level 11. HP: 61/78 MP: 22/22
 11324 | D:9      | Noticed a two-headed ogre
 11332 | D:9      | Killed a two-headed ogre
 11333 | D:9      | Reached skill level 5 in Dodging
 11437 | D:9      | Offered knowledge of Frozen Ramparts by Vehumet.
 11448 | D:9      | Lost mutation: Your muscles are strong. (Str +4, Int/Dex
                  | -1) [potion of mutation]
 11448 | D:9      | Lost mutation: Your spells are a little easier to cast, but
                  | a little less powerful. [potion of mutation]
 11448 | D:9      | Gained mutation: You are agile. (Dex +4, Str/Int -1)
                  | [potion of mutation]
 11771 | D:9      | Noticed an angel
 11821 | D:9      | Found a staircase to the Orcish Mines.
 11836 | D:9      | Reached *** piety under Vehumet
 11908 | D:9      | Found a snail-covered altar of Cheibriados.
 12083 | D:9      | Learned a level 3 spell: Frozen Ramparts
 12084 | Orc:1    | Entered Level 1 of the Orcish Mines
 12107 | Orc:1    | Reached skill level 9 in Fire Magic
 12218 | Orc:1    | Reached skill level 5 in Fighting
 12294 | Orc:1    | Offered knowledge of Sticky Flame by Vehumet.
 12737 | Orc:1    | Noticed Maurice
 12748 | Orc:1    | Killed Maurice
 13165 | Orc:1    | Acquired an Everburning Encyclopedia
 13176 | Orc:1    | Learned a level 8 spell: Ignition
 13177 | Orc:2    | Entered Level 2 of the Orcish Mines
 13200 | Orc:2    | Found a staircase to the Elven Halls.
 13282 | Orc:2    | Noticed an orc knight
 13282 | Orc:2    | Noticed an orc sorcerer
 13296 | Orc:2    | Reached **** piety under Vehumet
 13310 | Orc:1    | Killed an orc knight
 13311 | Orc:1    | Reached skill level 1 in Necromancy
 13431 | Orc:1    | Killed from afar by an orc sorcerer

Illustrated notes

Levels and vault maps discovered:
D:1:      roderic_crop_circles_arrival_small, layout_basic, serial_bayou,
          serial_bayou_lagoon_a, serial_bayou_shore_b, serial_bayou_pond_b,
          serial_bayou_lagoon_b
D:2:      layout_basic, ebering_ecumenical_altar_sacrificial, minivault_24
D:3:      layout_loops_ring
D:4:      layout_layer_cave, uniq_ijyb, uniq_crazy_yiuf_cottage
D:5:      layout_loops_ring, tso_altar, minmay_temple_entry_offerings,
          serial_shops, nicolae_shop_trees, cheibrodos_sewer_entry_sluice
D:6:      layout_rooms, mainiacjoe_overflow_boulevard,
          mainiacjoe_overflow_catwalk
D:7:      layout_gridville, gup_ossuary_entry_pyramid
D:8:      layout_rooms, lemuel_crystal_altar, lemuel_crystal_altar,
          serial_co_window_serial, co_window_corner_a, co_window_paths_b,
          co_window_paths_a, co_window_paths_b, co_window_paths_a,
          co_window_unsneaky_path_e, co_window_broadway_c,
          co_window_unsneaky_path_e, co_window_of_opportunity_b,
          glass_columns_a, enter_bailey_5, hangedman_decor_diamond_cutter
D:9:      layout_cave_pools, zin_angel, slow_altar_2, erik_orc_1
Temple:   regret_index_temple_generic_petals
Orc:1:    layout_caves, nooodl_orcs_dogs, uniq_maurice
Orc:2:    st_orc_mages, layout_caves

Skill      XL: |  1  2  3  4  5  6  7  8  9 10 11 |
---------------+----------------------------------+-----
Fire Magic     | 3 4 5 6 8 9 |  9.3
Stealth        | 2 3 |  3.1
Spellcasting   | 3 4 5 6 7 8 |  8.2
Conjurations   | 2 3 4 5 6 7 |  7.4
Dodging        | 2 3 4 5 |  5.6
Evocations     | 1 2 3 |  3.2
Fighting       | 1 2 3 4 5 |  5.4
Armour         | 2 |  2.8
Staves         | 1 2 |  2.9
Poison Magic   | 2 3 4 |  4.3
Necromancy     | 1 |  1.0
Short Blades   | |  0.2
Long Blades    | |  0.8
Ice Magic      | |  0.1

Action                     |  1- 3 |  4- 6 |  7- 9 | 10-12 || total
---------------------------+-------+-------+-------+-------++-------
  Melee: Unarmed           |     4 |       |       |       ||     4
         Short sword       |     2 |       |       |       ||     2
         Dagger            |     6 |    13 |       |       ||    19
         Kick              |       |     1 |     9 |    26 ||    36
         Punch             |       |     1 |       |       ||     1
         Quarterstaff      |       |       |    41 |    17 ||    58
         War axe           |       |       |       |     8 ||     8
         Double sword      |       |       |       |    47 ||    47
   Cast: Foxfire           |    79 |   146 |   200 |   197 ||   622
         Scorch            |       |     8 |    45 |    70 ||   123
         Cigotuvi's Dreadf |       |       |     4 |     7 ||    11
         Flame Wave        |       |       |     3 |    14 ||    17
         Frozen Ramparts   |       |       |       |     3 ||     3
    Use: Scroll            |       |     6 |     3 |    12 ||    21
         Potion            |       |       |       |     6 ||     6
   Stab: Paralysed         |       |       |     1 |       ||     1
 Armour: Robe              |     1 |     2 |     9 |    21 ||    33
  Dodge: Dodged            |    14 |    10 |    60 |   157 ||   241

Table legend: (Time is in decaauts)
 A = Elapsed time spent in this place.
 B = Non-inter-level travel time spent in this place.
 C = Inter-level travel time spent in this place.
 D = Time resting spent in this place.
 E = Time spent auto-exploring this place.
 F = Levels seen in this place.
 G = Mean time per level.
                   A        B        C        D        E       F      G
               +--------+--------+--------+--------+--------+-----+--------+
         Total |  13529 |  12849 |    680 |      0 |  10391 |  14 |  966.4 |
       Dungeon |  10394 |   9793 |    601 |      0 |   8109 |   9 | 1154.9 |
        Temple |    267 |    203 |     64 |      0 |    192 |   1 |  267.0 |
  Orcish Mines |   1362 |   1347 |     15 |      0 |   1053 |   2 |  681.0 |
         Sewer |    319 |    319 |      0 |      0 |    266 |   1 |  319.0 |
        Bailey |   1184 |   1184 |      0 |      0 |    770 |   1 | 1184.0 |
               +--------+--------+--------+--------+--------+-----+--------+

Top non-repeatable levels by time:
     D:4: 1846 daAuts
     D:3: 1249 daAuts
     D:7: 1237 daAuts
   Orc:1: 1233 daAuts
     D:8: 1224 daAuts
  Bailey: 1184 daAuts
     D:1: 1167 daAuts
     D:9: 1125 daAuts
     D:5: 1040 daAuts
     D:2: 905 daAuts
     D:6: 596 daAuts
   Sewer: 319 daAuts
  Temple: 267 daAuts
   Orc:2: 129 daAuts
